 Dungeon Crawl Stone Soup version 0.26.1-11-gd32895ea62 (webtiles) character file.

Game seed: 1625661794704450449

2739 Dathi the Protected (level 9, -1/78 HPs)
             Began as a Hill Orc Fighter on June 28, 2021.
             Was a Believer of Trog.
             Killed from afar by a frost giant (40 damage)
             ... with a bolt of cold
             ... on level 8 of the Dungeon.
             The game lasted 00:37:22 (12092 turns).

Dathi the Protected (Hill Orc Fighter)             Turns: 12092, Time: 00:37:22

Health: -1/78      AC: 16    Str: 22    XL:     9   Next: 68%
Magic:  9/9        EV:  6    Int:  8    God:    Trog [**....]
Gold:   243        SH: 11    Dex: 10    Spells: 8/8 levels left

rFire    . . .     SeeInvis .   e - +2 spear (venom)
rCold    . . .     Faith    .   c - +0 kite shield
rNeg     . . .     Spirit   .   h - +0 plate armour
rPois    .         Reflect  .   f - +0 hat
rElec    .         Harm     .   S - +0 cloak
rCorr    +         Rampage  .   (no gloves)
Will     +....                  Q - +0 pair of boots
Stlth    ..........             (no amulet)
HPRegen  0.23/turn              g - ring of willpower
MPRegen  0.11/turn              o - ring of resist corrosion

@: no status effects
A: no striking features
a: Renounce Religion, Berserk, Trog's Hand


You were on level 8 of the Dungeon.
You worshipped Trog.
Trog was pleased with you.
You visited 2 branches of the dungeon, and saw 9 of its levels.

You collected 465 gold pieces.
You spent 222 gold pieces at shops.

Inventory:

Hand Weapons
 a - a +1 war axe
 e - a +2 spear of venom (weapon)
 C - a +1 short sword of freezing
 R - a +1 dagger of venom
Armour
 b - a +1 scale mail
 c - a +0 kite shield (worn)
 f - a +0 hat (worn)
 h - a +0 plate armour (worn)
 k - a +3 chain mail
 Q - a +0 pair of boots (worn)
 S - a +0 cloak (worn)
Magical Staves
 j - an uncursed staff of earth
Jewellery
 g - a ring of willpower (left hand)
 o - a ring of resist corrosion (right hand)
 u - an uncursed ring of positive energy
Wands
 i - a wand of acid (9)
Scrolls
 s - 2 scrolls of enchant armour
 w - a scroll of immolation
 B - 2 scrolls of identify
 F - 3 scrolls of teleportation
 J - 4 scrolls of fear
 L - 3 scrolls of remove curse
 M - a scroll of amnesia
 N - 4 scrolls of enchant weapon
 T - a scroll of blinking
Potions
 d - a potion of might
 x - 3 potions of curing
 z - a potion of lignification
 D - 2 potions of heal wounds
 E - a potion of attraction


   Skills:
 * Level 6.9 Fighting
 + Level 4.7 Short Blades
 + Level 5.0(6.0) Axes
 + Level 4.2(5.0) Polearms
 * Level 8.0 Armour
 + Level 2.1 Dodging
 + Level 1.0 Stealth
 * Level 7.3 Shields


You had 8 spell levels left.
You didn't know any spells.
Your spell library was empty.

Dungeon Overview and Level Annotations

Branches:
Dungeon (8/15)             Temple (1/1) D:6
   Lair: D:8-11

Altars:
Ashenzari
Cheibriados
Dithmenos
Elyvilon
Fedhas
Gozag
Hepliaklqana
Kikubaaqudgha
Makhleb
Nemelex Xobeh
Okawaru
Qazlal
Ru
Sif Muna
Trog
Uskayaw
Vehumet
Wu Jian
Xom
Yredelemnul
Zin

Shops:
D:7 *


Message History

Done exploring.
There is a stone staircase leading down here.
You climb downwards.
There is a stone staircase leading up here.
There is a stone staircase leading up here.
You open the door.
There is an open door here.
You open the door.
There is an open door here.
You open the door.
There is an open door here.
A frost giant comes into view.
It is wielding a +0 battleaxe of freezing.
The frost giant shouts!
The frost giant points at you and mumbles some strange words.
The bolt of cold hits you!!!
Ouch! That really hurt!
The frost giant casts a spell at you. The bolt of cold hits you!!!
Ouch! That really hurt!
You die...

###+########+##
#.............######
#.............##..C#
##....##...####@###.#
#...<####'##.'.# .#
#.....+...#..#.# .#
#.....#...#..##.. ##
#....##..###.# ###
#....##..###.##
#+#####...#...#
#...#...# #...'...#


You could see a frost giant.

Vanquished Creatures
  4 yaks (D:7)
  2 orc warriors (D:7)
  2 sky beasts
  An eye of draining (D:7)
  3 ice beasts
  2 centaurs
  A big kobold (D:7)
  A bullfrog (D:6)
  3 scorpions
  A howler monkey (D:6)
  A bullfrog zombie (D:5)
  3 hounds
  2 orc priests
  A jelly (D:6)
  7 orc wizards
  2 bullfrog skeletons
  4 iguanas
  A hound zombie (D:6)
  2 hound skeletons (D:4)
  10 adders
  4 gnolls (D:7)
  A shadow imp (D:7)
  3 white imps
  7 worms
  An adder skeleton (D:6)
  A dart slug (D:1)
  9 leopard geckos
  24 orcs
  A ball python (D:5)
  4 giant cockroaches
  12 goblins
  7 hobgoblins
  8 jackals
  3 quokkas
  9 bats
  4 frilled lizards
  13 kobolds
  A leopard gecko skeleton (D:4)
  8 rats
173 creatures vanquished.

Notes
Turn   | Place    | Note
-------+----------+-------------------------------------------
     0 | D:1      | Dathi the Hill Orc Fighter began the quest for the Orb.
     0 | D:1      | Reached XP level 1. HP: 19/19 MP: 1/1
   491 | D:1      | Reached XP level 2. HP: 25/27 MP: 2/2
  1404 | D:2      | You fall into a shaft and drop 1 floor!
  1444 | D:3      | Reached XP level 3. HP: 11/33 MP: 3/3
  1466 | D:3      | Reached XP level 4. HP: 6/41 MP: 4/4
  1829 | D:3      | Reached XP level 5. HP: 43/47 MP: 5/5
  2548 | D:3      | Found an iron altar of Okawaru.
  2718 | D:3      | Found a sacrificial altar of Ru.
  2949 | D:2      | Reached skill level 5 in Axes
  3032 | D:2      | Found a hazy altar of Hepliaklqana.
  3929 | D:2      | Noticed a sky beast
  3951 | D:2      | Reached skill level 1 in Short Blades
  3972 | D:2      | Reached skill level 4 in Armour
  3989 | D:2      | Killed a sky beast
  3990 | D:2      | Reached XP level 6. HP: 13/55 MP: 6/6
  4693 | D:2      | You fall into a shaft and drop 2 floors!
  4991 | D:4      | Reached skill level 1 in Dodging
  4991 | D:4      | Reached skill level 5 in Shields
  4991 | D:4      | Reached XP level 7. HP: 6/60 MP: 7/7
  5756 | D:4      | Found a bloodstained altar of Trog.
  5796 | D:4      | Became a worshipper of Trog the Wrathful
  5885 | D:4      | Reached skill level 5 in Fighting
  6344 | D:4      | Reached skill level 5 in Armour
  6863 | D:5      | Entered Level 5 of the Dungeon
  7798 | D:5      | Reached XP level 8. HP: 69/69 MP: 8/8
  7822 | D:5      | Found a bloodstained altar of Trog.
  8207 | D:5      | Reached skill level 6 in Armour
  8488 | D:6      | Found a staircase to the Ecumenical Temple.
  8618 | Temple   | Entered the Ecumenical Temple
  8850 | D:6      | Found a sparkling altar of Nemelex Xobeh.
  8924 | D:6      | Reached * piety under Trog
  9697 | D:6      | Found a snail-covered altar of Cheibriados.
 10135 | D:7      | Reached skill level 1 in Polearms
 10358 | D:7      | Found a blossoming altar of Fedhas.
 10399 | D:7      | Reached skill level 7 in Armour
 10680 | D:7      | Reached XP level 9. HP: 75/75 MP: 9/9
 10861 | D:7      | Reached ** piety under Trog
 11286 | D:7      | Found Ogrevveb's General Store.
 11337 | D:7      | Bought a potion of heal wounds for 60 gold pieces
 11337 | D:7      | Bought a scroll of remove curse for 36 gold pieces
 11337 | D:7      | Bought a scroll of remove curse for 36 gold pieces
 11337 | D:7      | Bought a scroll of enchant armour for 90 gold pieces
 11523 | D:7      | Reached skill level 1 in Stealth
 11536 | D:7      | Reached skill level 8 in Armour
 11689 | D:7      | Found a radiant altar of Vehumet.
 11689 | D:7      | Found a basalt altar of Yredelemnul.
 12089 | D:8      | Noticed a frost giant
 12092 | D:8      | Killed from afar by a frost giant

Illustrated notes

Levels and vault maps discovered:
D:1:      lemuel_arrival_room, layout_basic
D:2:      layout_loops_ring, general_overflow_altar, st_stairs_13, minmay_puff
D:3:      layout_basic, marbit_many_paths, lemuel_doored_altar
D:4:      layout_basic, trog_hazing_becter
D:5:      layout_cave_pools, nicolae_overflow_crystal_walls
D:6:      minmay_bubble_buster, layout_loops_ring,
          minmay_temple_entry_large_hall, basic_altar, serial_rivers,
          chequers_serial_rivers_small_3, chequers_serial_rivers_room_a,
          chequers_serial_rivers_marsh, chequers_serial_rivers_large_a,
          chequers_serial_rivers_small_3, chequers_serial_rivers_small_a,
          chei_slow_surprise
D:7:      layout_loops_ring, lemuel_round_altar,
          gammafunk_temple_overflow_elements, serial_shops, shop
D:8:      layout_gridville, lair_entry_dummy, kennysheep_just_a_vault
Temple:   zaba_magenta_temple

Skill      XL: |  1  2  3  4  5  6  7  8  9 |
---------------+----------------------------+-----
Fighting       | 4 5 6 |  6.9
Axes           | 3 4 5 |  5.0
Shields        | 4 5 6 7 |  7.3
Short Blades   | 1 2 3 4 |  4.7
Armour         | 4 5 7 8 |  8.0
Dodging        | 1 2 |  2.1
Polearms       | 1 4 |  4.2
Stealth        | 1 |  1.0

Action                   |  1- 3 |  4- 6 |  7- 9 || total
-------------------------+-------+-------+-------++-------
Melee: War axe           |    83 |    45 |       ||   128
       Short sword       |       |   230 |   234 ||   464
       Spear             |       |       |   226 ||   226
  Use: Scroll            |     5 |     6 |     6 ||    17
       Potion            |     1 |     7 |     4 ||    12
Armor: Scale mail        |    46 |   118 |    81 ||   245
       Plate armour      |       |       |    49 ||    49
Dodge: Dodged            |    20 |    91 |    95 ||   206
Block: Kite shield       |    50 |   143 |   203 ||   396
